 Dungeon Crawl Stone Soup version 0.28-a0-239-g68911e0c57 (webtiles) character file.

Game seed: 6784013893937368965

67 Smaepdii the Conjurer (level 3, -2/19 HPs)
             Began as a Deep Elf Conjurer on Aug 24, 2021.
             Killed from afar by Sigmund (11 damage)
             ... with a magic dart
             ... on level 3 of the Dungeon.
             The game lasted 00:06:35 (2364 turns).

Smaepdii the Conjurer (Deep Elf Conjurer)           Turns: 2364, Time: 00:06:36

Health: -2/19      AC:  2    Str:  4    XL:     3   Next: 98%
Magic:  10/10      EV: 13    Int: 23    God:
Gold:   101        SH:  0    Dex: 19    Spells: 6/9 levels left

rFire   + . .      SeeInvis .   (no weapon)
rCold   . . .      Faith    .   (no shield)
rNeg    . . .      Spirit   .   a - +0 robe
rPois   .          Reflect  .   (no helmet)
rElec   .          Harm     .   (no cloak)
rCorr   .          Rampage  .   (no gloves)
Will    .....                   (no boots)
Stlth   +++.......              (no amulet)
HPRegen 0.06/turn               g - ring of protection from fire
MPRegen 0.12/turn               j - +6 ring of dexterity

@: no status effects
A: no striking features
a: no special abilities


You were on level 3 of the Dungeon.
You visited 1 branch of the dungeon, and saw 3 of its levels.

You collected 101 gold pieces.

Inventory:

Armour
 a - a +0 robe (worn)
Jewellery
 g - a ring of protection from fire (left hand)
 i - a +6 ring of strength
 j - a +6 ring of dexterity (right hand)
Scrolls
 b - 4 scrolls of identify {unknown}
 c - a scroll of fog {unknown}
 f - a scroll of amnesia {unknown}
 h - a scroll of vulnerability {unknown}
Potions
 d - a potion of might {unknown}
 e - a potion of attraction {unknown}
 k - 2 potions of resistance {unknown}


   Skills:
 + Level 3.4 Dodging
 + Level 3.4 Stealth
 + Level 3.8 Spellcasting
 + Level 4.8 Conjurations


You had 6 spell levels left.
You knew the following spells:

 Your Spells              Type           Power      Damage    Failure   Level
a - Magic Dart            Conj           100%       1d8       1%          1
b - Searing Ray           Conj           52%        3d5       2%          2

Your spell library contained the following spells:

 Spells                   Type           Power      Damage    Failure   Level
 Dazzling Flash           Conj/Hex       30%        N/A       12%         3
 Fulminant Prism          Conj/Hex       7%         3d7       36%         4
 Iskenderun's Mystic Bla  Conj/Tloc      15%        2d5       36%         4


Dungeon Overview and Level Annotations

Branches:
Dungeon (3/15)

Altars:

Annotations:
D:3 Ijyb, Sigmund


Message History

You start resting.
HP restored.
Found a stone staircase leading up.
You see here a jackal corpse.
You open the door.
There is an open door here.
Found a stone staircase leading down.
There is a large open door here.
There is a large open door here.
Sigmund the Dreaded comes into view.
He is wielding a +0 scythe and carrying a wand of polymorph (9).
You aren't carrying any items that you can evoke.
Press: ? - help, v - describe, . - travel
Here: Sigmund, wielding a +0 scythe, wearing a +0 robe and carrying a wand of polymorph (9)
The floor.
Aiming: Magic Dart (safe; 1% risk of failure)
Press: ? - help, Q - select action, (/) - cycle Shift-Dir - straight line, f - Sigmund
Aim: Sigmund, wielding a +0 scythe, wearing a +0 robe and carrying a wand of polymorph (9) (100% to hit)
The magic dart hits Sigmund.
Sigmund is lightly wounded.
Sigmund casts a spell at you.
You are confused.
Sigmund zaps a wand.
You resist with some effort. Sigmund casts a spell at you.
The puff of flame misses you. Sigmund casts a spell at you.
The puff of flame misses you.
You feel less confused.
Sigmund mumbles some strange words.
Sigmund flickers and vanishes!
Deactivating autopickup; reactivate with Ctrl-A.
You hear a zap.
Something tries to affect you, but you resist.
You hear a zap.
Something tries to affect you, but you resist.
Something hits you!
Ouch! That really hurt!
A magic dart appears from out of thin air!
The magic dart hits you!
Ouch! That really hurt!
You die...

####### ......#
########### ......#
#.........#
.†....#########.........#
......'.......'.@.......#
......########'.........#
.........##.............#
##.#.#.#.##......{......#
.#...#.#.##.............#
..........'>............#
..........#.......#######
.#.####.#....#'#### .(.#
#.#.)..#.#


There were no monsters in sight!

Vanquished Creatures
  An adder (D:2)
  4 worms (D:2)
  An orc (D:3)
  3 bats
  2 endoplasms (D:2)
  A giant cockroach (D:2)
  7 goblins
  3 hobgoblins
  3 jackals (D:3)
  2 quokkas
  6 ball pythons
  2 frilled lizards (D:2)
  3 kobolds (D:2)
  3 rats
41 creatures vanquished.

Notes
Turn   | Place    | Note
-------+----------+-------------------------------------------
     0 | D:1      | Smaepdii the Deep Elf Conjurer began the quest for the Orb.
     0 | D:1      | Reached XP level 1. HP: 10/10 MP: 6/6
   271 | D:1      | Reached XP level 2. HP: 15/15 MP: 5/8
   893 | D:2      | Learned a level 2 spell: Searing Ray
  1123 | D:2      | Reached XP level 3. HP: 19/19 MP: 5/10
  2173 | D:3      | Noticed Ijyb
  2325 | D:3      | Noticed Sigmund
  2364 | D:3      | Killed from afar by Sigmund

Illustrated notes

Levels and vault maps discovered:
D:1:      wander_arrival_chamber, layout_loops_cross, columned_hall_lemuel,
          minmay_tetromino_i2
D:2:      minmay_spotlight, layout_basic, minivault_27
D:3:      layout_basic, minitemple, minmay_misc_feat_rows, uniq_sigmund,
          uniq_jessica, uniq_ijyb

Skill      XL: |  1  2 |
---------------+-------+-----
Stealth        | 3 |  3.4
Dodging        | 3 |  3.4
Spellcasting   | |  3.8
Conjurations   | |  4.8

Action                   || total
-------------------------++-------
 Cast: Magic Dart        ||    52
       Searing Ray       ||    13
Armor: Robe              ||     1
Dodge: Dodged            ||     7

Table legend: (Time is in decaauts)
 A = Elapsed time spent in this place.
 B = Non-inter-level travel time spent in this place.
 C = Inter-level travel time spent in this place.
 D = Time resting spent in this place.
 E = Time spent auto-exploring this place.
 F = Levels seen in this place.
 G = Mean time per level.
                   A        B        C        D        E       F      G
               +--------+--------+--------+--------+--------+-----+--------+
         Total |   2361 |   2286 |     75 |    611 |   1327 |   3 |  787.0 |
       Dungeon |   2361 |   2286 |     75 |    611 |   1327 |   3 |  787.0 |
               +--------+--------+--------+--------+--------+-----+--------+

Top non-repeatable levels by time:
     D:2: 1226 daAuts
     D:1: 884 daAuts
     D:3: 250 daAuts
